 Dungeon Crawl Stone Soup version 0.25-a0-413-g3b4b6a4ccc (webtiles) character file.

Game seed: 10848082672928624479, levelgen mode: deterministic

6575 Gargoyl the Agent of Entropy (level 10, -6/83 HPs)
             Began as a Centaur Abyssal Knight on Jan 13, 2020.
             Was a Priest of Lugonu.
             Splashed by an orc warrior's acid (15 damage)
             ... on level 9 of the Dungeon on Jan 14, 2020.
             The game lasted 00:20:56 (13308 turns).

Gargoyl the Agent of Entropy (CeAK)                Turns: 13308, Time: 00:20:57

Health: -6/83      AC: 11    Str: 17      XL:     10   Next: 71%
Magic:  16/16      EV:  3    Int: 15      God:    Lugonu [***...]
Gold:   557        SH:  7    Dex:  9 (10) Spells: 9/9 levels left

rFire    . . .     SeeInvis .   w - +1 long sword "Fapagod" {venom, *Drain rElec Int+4}
rCold    . . .     Gourm    .   C - +0 shield
rNeg     . . .     Faith    .   v - +0 chain mail
rPois    .         Spirit   .   f - +2 hat
rElec    +         Reflect  .   k - +2 cloak
rCorr    .         Harm     .   n - +0 pair of gloves
MR       .....                  (no barding)
Stlth    ..........             (no amulet)
HPRegen  0.63/turn              o - ring of flight
MPRegen  0.15/turn              (no ring)

@: corroded, lightly drained, very quick
A: large, hooves 3, horns 1, deformed body, speed 2, regeneration 1, tough skin
3
a: Depart the Abyss, Bend Space, Banish, Renounce Religion, Evoke Flight


You were on level 9 of the Dungeon.
You worshipped Lugonu.
Lugonu was most pleased with you.
You were very hungry.

You visited 1 branch of the dungeon, and saw 9 of its levels.
You visited the Abyss 2 times.
You also visited: Sewer.

You collected 557 gold pieces.

Inventory:

Hand Weapons
 a - a +2 hand axe of chopping
 w - the +1 long sword "Fapagod" (weapon) {venom, *Drain rElec Int+4}
   (You found it on level 7 of the Dungeon)

   It poisons the flesh of those it strikes.
   It affects your intelligence (+4).
   It insulates you from electricity.
   It causes draining when unequipped.
 F - the +7 war axe of Understanding {drain, rN+ Dex+4}
   (You found it on level 8 of the Dungeon)

   A truly terrible weapon, it drains the life of those it strikes.
   It affects your dexterity (+4).
   It protects you from negative energy.
Missiles
 y - 3 javelins (quivered)
 B - 6 silver javelins
Armour
 f - a +2 hat (worn)
 k - a +2 cloak (worn)
 n - a +0 pair of gloves (worn)
 v - a +0 chain mail (worn)
 C - a +0 shield (worn)
Jewellery
 o - a ring of flight (left hand)
Wands
 d - a wand of digging (6)
 l - a wand of clouds (12)
 t - a wand of random effects (13)
 D - a wand of flame (36)
 E - a wand of disintegration (9)
Scrolls
 e - 2 scrolls of remove curse
 i - 3 scrolls of magic mapping
 j - 6 scrolls of identify
 r - 6 scrolls of fog
 s - a scroll of enchant armour
Potions
 b - a potion of berserk rage
 g - 2 potions of curing
 h - a potion of mutation
 m - 2 potions of degeneration {unknown}
 p - 6 potions of flight
 q - a potion of might
 u - 6 potions of haste
 x - 3 potions of agility
 z - 2 potions of cancellation
 A - a potion of lignification
 G - a potion of heal wounds
Comestibles
 c - 22 rations


   Skills:
 + Level 6.0(5.5) Fighting
 + Level 4.1(3.6) Long Blades
 + Level 6.0(5.5) Axes
 + Level 0.5(0.0) Throwing
 * Level 7.0(6.4) Armour
 * Level 5.0(4.4) Dodging
 + Level 1.1(0.6) Shields
 * Level 8.0(7.4) Invocations
 + Level 0.1(0.0) Evocations


You had 9 spell levels left.
You didn't know any spells.
Your spell library contained the following spells:

 Spells                   Type           Power        Failure   Level  Hunger
 Magic Dart               Conj           #...         100%        1    ##.....
 Ensorcelled Hibernation  Hex/Ice        #.....       100%        2    ###....
 Searing Ray              Conj           #.....       100%        2    ###....
 Dazzling Flash           Conj/Hex       #.....       100%        3    ####...
 Fulminant Prism          Conj/Hex       #.........   100%        4    #####..
 Iskenderun's Mystic Bla  Conj/Tloc      #.......     100%        4    #####..
 Borgnjor's Vile Clutch   Necr/Erth      #.........   100%        5    ######.
 Silence                  Hex/Air        #.........   100%        5    ######.
 Darkness                 Hex            #.........   100%        6    #######
 Shadow Creatures         Summ           N/A          100%        6    #######


Dungeon Overview and Level Annotations

Branches:
Dungeon (9/15)             Temple (0/1) D:7           Sewer (visited)
   Lair: D:8-11         Orc: D:9-12

Altars:
Cheibriados
Kikubaaqudgha
Makhleb
Okawaru
Qazlal
Ru
Sif Muna
Trog
Vehumet
Wu Jian
Zin

Shops:
D:8 ?


Innate Abilities, Weirdness & Mutations

You have hooves in place of feet.
Armour fits poorly on your strangely shaped body.
You cover ground very quickly.
You have extremely tough skin. (AC +3)
You have a pair of small horns on your head.
Your natural rate of healing is unusually fast.


Message History

You completely miss the orc warrior. Your kick misses the orc warrior.
The orc warrior is almost dead.
You block the orc warrior's attack.
You closely miss the orc warrior. Your headbutt misses the orc warrior.
The orc warrior is almost dead.
The orc warrior hits you with a +0 dire flail!
* * * LOW HITPOINT WARNING * * *
The orc wizard casts a spell.
The orc wizard seems to speed up.
You closely miss the orc warrior. Your kick misses the orc warrior.
You headbutt the orc warrior, but do no damage.
The orc warrior is almost dead.
The orc warrior hits you with a +0 dire flail.
* * * LOW HITPOINT WARNING * * *
Unknown command.
The orc wizard casts a cantrip, but nothing happens.
The orc warrior zaps a wand.
The bolt of acid hits you.
* * * LOW HITPOINT WARNING * * *
The acid corrodes you!
You are splashed with acid!
You die...

#########>.#########..........
.....[........................
####.############ ###.o.#### #.#
#...# #.# #o..# #.# #...# #.#
#...#
####.#################...########
................@.oooo...........
.........############...........#
#######..# #.########..# #[.# #.#
#..# #..# #.# #.)# #..# #.# #..#
#######..############.########..<
.................................
...............<...............##


You could see 2 orc warriors and 2 orc wizards.

Vanquished Creatures
  2 two-headed ogres
  A moth of wrath (D:8)
  A troll (D:9)
  Prince Ribbit (D:6)
  Menkaure (D:7)
  3 water moccasins
  Duvessa (D:6)
  Purgy (Sewer)
  An orc warrior (D:9)
  A sky beast (D:9)
  A phantom (D:6)
  2 ogres (D:8)
  3 centaurs
  A crocodile (D:9)
  2 big kobolds
  5 bullfrogs
  Dowan (D:6)
  A gnoll sergeant (D:8)
  A wyvern skeleton (D:6)
  A scorpion (D:6)
  5 wights (D:9)
  3 howler monkeys
  2 centaur zombies
  10 crimson imps
  3 bullfrog zombies
  2 quasits
  2 orc priests (D:9)
  2 jellies
  5 orc wizards
  Crazy Yiuf (D:6)
  5 hounds
  A bullfrog skeleton (D:6)
  2 centaur skeletons
  5 iguanas
  7 worker ants
  A hound zombie (D:6)
  A hound skeleton (D:5)
  A howler monkey skeleton (D:4)
  5 gnolls
  17 adders
  A shadow imp (D:6)
  2 oozes
  2 adder zombies
  An adder skeleton (D:7)
  4 worms
  4 dart slugs
  6 leopard geckos
  19 orcs
  3 bat zombies (D:8)
  6 giant cockroaches
  12 goblins
  6 hobgoblins
  14 jackals
  7 quokkas
  5 ball pythons
  7 bats
  6 frilled lizards
  16 kobolds
  A leopard gecko skeleton (D:6)
  A leopard gecko zombie (D:8)
  7 rats
  2 rat zombies (D:8)
  A fungus (D:6)
244 creatures vanquished.

Vanquished Creatures (others)
  The ghost of zeli25 the Cleaver, a novice HOBe of Trog (D:8)
  A bullfrog (D:6)
2 creatures vanquished.

Grand Total: 246 creatures vanquished

Notes
Turn   | Place    | Note
-------+----------+-------------------------------------------
     0 | Abyss:1  | Gargoyl the Centaur Abyssal Knight began the quest for the
                  | Orb.
     0 | Abyss:1  | Reached XP level 1. HP: 19/19 MP: 2/2
     1 | Abyss:1  | Found a corrupted altar of Lugonu.
    98 | Abyss:2  | Noticed a small abomination
   100 | Abyss:2  | Noticed a kraken
   115 | Abyss:2  | Noticed a small abomination
   126 | Abyss:2  | Noticed a small abomination
   130 | D:1      | Escaped the Abyss
   243 | D:1      | Reached XP level 2. HP: 23/26 MP: 3/3
   531 | D:1      | Reached skill level 1 in Dodging
   757 | D:1      | Reached XP level 3. HP: 31/31 MP: 4/4
   780 | D:1      | Reached * piety under Lugonu
  1863 | D:3      | Reached XP level 4. HP: 26/38 MP: 5/5
  2111 | D:3      | Reached ** piety under Lugonu
  2221 | D:3      | Found a faded altar of an unknown god.
  2239 | D:3      | Reached XP level 5. HP: 45/45 MP: 7/7
  2334 | D:3      | Reached skill level 3 in Invocations
  3568 | D:4      | Reached XP level 6. HP: 44/52 MP: 8/8
  3591 | D:4      | Found a glowing drain.
  3599 | Sewer    | Entered a sewer
  3629 | Sewer    | Noticed Purgy
  3632 | Sewer    | Reached *** piety under Lugonu
  3646 | Sewer    | Killed Purgy
  3948 | D:4      | Found a bloodstained altar of Trog.
  4292 | D:4      | Found a glowing silver altar of Zin.
  4293 | D:4      | Found a stormy altar of Qazlal.
  4293 | D:4      | Found a radiant altar of Vehumet.
  4295 | D:4      | Found a snail-covered altar of Cheibriados.
  4295 | D:4      | Found a shimmering blue altar of Sif Muna.
  4297 | D:4      | Found a bloodstained altar of Trog.
  4297 | D:4      | Found a burning altar of Makhleb.
  4451 | D:4      | Reached XP level 7. HP: 56/58 MP: 9/9
  4493 | D:5      | Entered Level 5 of the Dungeon
  4598 | D:5      | Reached skill level 4 in Invocations
  5851 | D:6      | Reached XP level 8. HP: 44/66 MP: 11/11
  6004 | D:6      | Noticed Duvessa
  6004 | D:6      | Noticed Dowan
  6049 | D:6      | Killed Duvessa
  6050 | D:6      | Killed Dowan
  6050 | D:6      | Reached skill level 5 in Axes
  6649 | D:6      | Reached skill level 5 in Armour
  6649 | D:6      | Reached skill level 5 in Invocations
  6934 | D:6      | Noticed Prince Ribbit
  6978 | D:6      | Killed Prince Ribbit
  7334 | D:6      | Reached XP level 9. HP: 60/73 MP: 12/12
  7578 | D:6      | Found a runed translucent door.
  7579 | D:6      | Noticed Crazy Yiuf
  7588 | D:6      | Killed Crazy Yiuf
  7723 | D:7      | Reached skill level 5 in Fighting
  8190 | D:7      | Got a polished long sword
  8191 | D:7      | Identified the cursed +1 long sword "Fapagod" {venom,
                  | *Drain rElec Int+4} (You found it on level 7 of the
                  | Dungeon)
  8194 | D:7      | Found a staircase to the Ecumenical Temple.
  8210 | D:7      | Noticed Menkaure
  8229 | D:7      | Killed Menkaure
  8423 | D:7      | Reached **** piety under Lugonu
  8912 | D:7      | Reached skill level 1 in Long Blades
  8917 | D:7      | Found a sacrificial altar of Ru.
  9621 | D:8      | Found an ornate altar of the Wu Jian Council.
  9875 | D:8      | Got a brightly glowing war axe
  9877 | D:8      | Identified the +7 war axe of Understanding {drain, rN+
                  | Dex+4} (You found it on level 8 of the Dungeon)
  9919 | D:8      | Found a transporter.
  9923 | D:8      | Found a transporter.
  9925 | D:8      | Found a bloodstained altar of Trog.
  9925 | D:8      | Noticed a moth of wrath
  9925 | D:8      | Noticed zeli25's ghost (novice HOBe)
  9928 | D:8      | Noticed a two-headed ogre
 10153 | D:8      | Upgraded the game from 0.25-a0-410-g53dbb631d1 to
                  | 0.25-a0-413-g3b4b6a4ccc
 10291 | D:8      | Killed a moth of wrath
 10496 | D:8      | Found Foamuakh's Magic Scroll Shoppe.
 10601 | D:8      | Cast into level 1 of the Abyss (kobold)
 10643 | Abyss:1  | Noticed a large abomination
 10686 | Abyss:1  | Noticed an orb spider
 10715 | D:8      | Escaped the Abyss
 11028 | D:8      | Found an ancient bone altar of Kikubaaqudgha.
 11595 | D:8      | Banished zeli25's ghost
 11595 | D:8      | Reached skill level 6 in Invocations
 11729 | D:8      | Killed a two-headed ogre
 11729 | D:8      | Reached skill level 7 in Invocations
 11729 | D:8      | Reached XP level 10. HP: 43/81 MP: 8/15
 12018 | D:9      | Gained mutation: Your natural rate of healing is unusually
                  | fast. [potion of mutation]
 12018 | D:9      | Gained mutation: You have a pair of small horns on your
                  | head. [potion of mutation]
 12404 | D:9      | Found an iron altar of Okawaru.
 12970 | D:9      | Noticed a two-headed ogre
 12997 | D:9      | Killed a two-headed ogre
 12997 | D:9      | Reached skill level 1 in Shields
 12997 | D:9      | Reached skill level 8 in Invocations
 13149 | D:9      | Reached skill level 5 in Dodging
 13308 | D:9      | Splashed by an orc warrior's acid

Levels and vault maps discovered:
D:1:      lightli_arrival_statuegarden, layout_rooms, minmay_cupped
D:2:      layout_loops_corners
D:3:      layout_loops_corners, chequers_ecumenical_altar_simple, first_ration
D:4:      layout_loops_cross, grunt_temple_overflow_open,
          gup_sewer_entry_bubbles, kennysheep_crisscross, trog_butcher_becter
D:5:      layout_rooms, minmay_misc_feat_rows, serial_bayou_pond_b
D:6:      layout_loops_corners, chequers_serial_rivers_micro_d,
          corexii_leaking_fountain, nicolae_sextant, grunt_decor_one_mirror,
          uniq_duvessa, uniq_prince_ribbit1, uniq_crazy_yiuf_cottage
D:7:      layout_layer_cave, marbit_many_paths,
          minmay_temple_entry_glassed_door, uniq_menkaure
D:8:      layout_gridville, nicolae_overflow_crystal_walls,
          lemuel_zombie_altar_kikubaaqudgha, gammafunk_ghost_wrathful_warriors,
          serial_shops, shop
D:9:      layout_long_grid, okawaru_altar_gauntlet_db, blue_anna_alchemist
          [blue_anna_fruit_fields, blue_anna_fruit_fields]

Skill      XL: |  1  2  3  4  5  6  7  8  9 10 |
---------------+-------------------------------+-----
Axes           | 2 3 4 5 6 |  6.0
Dodging        | 1 2 3 4 5 |  5.0
Armour         | 2 3 4 5 6 7 |  7.0
Invocations    | 3 4 5 7 8 |  8.0
Fighting       | 4 5 6 |  6.0
Long Blades    | 3 4 |  4.1
Shields        | 1 |  1.1
Throwing       | |  0.5
Evocations     | |  0.1

Action                   |  1- 3 |  4- 6 |  7- 9 | 10-12 || total
-------------------------+-------+-------+-------+-------++-------
Melee: Hand axe          |   113 |   255 |   409 |       ||   777
       Kick              |    14 |    56 |   140 |    63 ||   273
       Long sword        |       |       |   156 |   233 ||   389
       Headbutt          |       |       |       |    22 ||    22
Throw: Javelin           |       |       |     4 |     4 ||     8
Invok: Depart the Abyss  |     1 |       |     1 |       ||     2
       Banish            |       |       |     7 |       ||     7
       Bend Space        |       |       |     2 |       ||     2
Evoke: Wand              |       |       |     4 |     1 ||     5
  Use: Potion            |     1 |     3 |     6 |     1 ||    11
       Scroll            |       |     9 |    13 |     3 ||    25
 Stab: Fleeing           |       |       |     1 |       ||     1
  Eat: Chunk             |     1 |     8 |    15 |     5 ||    29
       Ration            |       |       |     2 |       ||     2
Armor: Leather armour    |    26 |       |       |       ||    26
       Ring mail         |    29 |    17 |       |       ||    46
       Chain mail        |       |   197 |   500 |   235 ||   932
Dodge: Dodged            |    72 |    76 |   200 |    39 ||   387
Block: Shield            |       |       |       |   102 ||   102
       Rpst.: Long sword |       |       |    21 |    11 ||    32

Table legend:
 A = Non-vault XP
 B = Vault XP
 C = Vault XP percentage of total XP
 D = Non-vault monster count
 E = Vault monster count
 F = Vault count percentage of total count
                 A         B        C        D         E       F
            +---------+---------+-------+---------+---------+-------
      Total |    6091 |    3303 |  35.2 |     200 |      45 |  18.4
            +---------+---------+-------+---------+---------+-------
        D:1 |      53 |       3 |   5.4 |      26 |       2 |   7.1
        D:2 |      30 |       0 |   0.0 |       9 |       0 |   0.0
        D:3 |     217 |       0 |   0.0 |      36 |       0 |   0.0
        D:4 |     280 |      16 |   5.4 |      21 |       9 |  30.0
        D:5 |     204 |     179 |  46.7 |       7 |       2 |  22.2
        D:6 |    1161 |     531 |  31.4 |      29 |       4 |  12.1
        D:7 |     731 |     205 |  21.9 |      23 |       2 |   8.0
        D:8 |     585 |    2071 |  78.0 |      14 |      11 |  44.0
        D:9 |    2830 |     128 |   4.3 |      35 |       7 |  16.7
      Sewer |       0 |     170 | 100.0 |       0 |       8 | 100.0
            +---------+---------+-------+---------+---------+-------
